 Dungeon Crawl Stone Soup version 0.30-a0-949-g53dc5368d7 (webtiles) character file.

Game seed: 17759444516272128251

50 gohu the Trooper (level 3, -30/34 HPs)
             Began as a Hill Orc Fighter on Mar 27, 2023.
             Was an Initiate of Okawaru.
             Annihilated by an ogre
             ... wielding a +0 giant club
              (44 damage)
             ... on level 4 of the Dungeon.
             The game lasted 00:02:52 (1161 turns).

gohu the Trooper (Hill Orc Fighter)                 Turns: 1161, Time: 00:02:53

Health: -30/34     AC:  6    Str: 20    XL:     3   Next: 79%
Magic:  3/3        EV:  2    Int: 14    God:    Okawaru [......]
Gold:   72         SH:  0    Dex: 10    Spells: 2/2 levels left

rFire   . . .      SeeInvis .    a - +0 war axe
rCold   . . .      Faith    .    c - +0 buckler
rNeg    . . .      Spirit   .    b - +0 scale mail
rPois   .          Reflect  .    (no helmet)
rElec   .          Rampage  .    (no cloak)
rCorr   .                        (no gloves)
Will    .....                    (no boots) Stlth
                                 i - amulet of the acrobat
HPRegen 0.25/turn                l - +5 ring of evasion
MPRegen 0.08/turn                e - +6 ring of intelligence

@: mighty, sleeping
A: no striking features
a: Renounce Religion


You were on level 4 of the Dungeon.
You worshipped Okawaru.
Okawaru was noncommittal.
You visited 2 branches of the dungeon, and saw 4 of its levels.

You collected 72 gold pieces.

Inventory:

Hand Weapons
 a - a +0 war axe (weapon)
Armour
 b - a +0 scale mail (worn)
 c - a +0 buckler (worn)
Jewellery
 e - a +6 ring of intelligence (right hand)
 i - an amulet of the acrobat (around neck)
 l - a +5 ring of evasion (left hand)
Scrolls
 g - a scroll of teleportation {unknown}
 j - a scroll of identify {unknown}
 k - a scroll of amnesia {unknown}
Potions
 f - a potion of curing {unknown}
 h - a potion of mutation {unknown}


   Skills:
 * Level 4.5 Fighting
 * Level 3.9 Axes
 + Level 3.6 Armour
 - Level 3.2 Shields


You had 2 spell levels left.
You didn't know any spells.
Your spell library was empty.

Dungeon Overview and Level Annotations

Branches:
Dungeon (4/15)             Temple (1/1) D:4

Altars:
Ashenzari
Hepliaklqana
Makhleb
Okawaru
Sif Muna
Trog
Uskayaw
Wu Jian


Message History

You open the door. The ogre closely misses you. The scorpion stings you.
You are poisoned.
The scorpion poisons you! The ogre attacks as you move away!
The ogre hits you with a +0 giant club.
You feel sick. The scorpion completely misses you.
There is an open door here.
The scorpion attacks as you move away! The scorpion barely misses you.
You feel sick. The scorpion attacks as you move away!
The scorpion completely misses you.
You feel sick.
You feel sick.
You hear a distant slurping noise.
The scorpion closely misses you.
There is a stone staircase leading down here.
You can't go up here!
You feel very mighty all of a sudden.
You feel sick.
The scorpion stings you but does no damage.
You barely miss the scorpion.
You feel sick. The scorpion barely misses you.
You closely miss the scorpion. You hit the ogre.
You feel sick.
You are no longer poisoned.
The scorpion closely misses you. The ogre closely misses you.
The scorpion barely misses you.
You hit the scorpion.
The scorpion is moderately wounded.
You slash the sleepcap! You hit the ogre. You block the ogre's attack.
The scorpion misses you. The sleepcap closely misses you.
The scorpion stings you but does no damage.
You slash the scorpion!
The scorpion is severely wounded.
You hit the sleepcap. You hit the ogre. The ogre barely misses you.
The sleepcap barely misses you.
The scorpion stings you but does no damage.
The sleepcap releases spores at you.
You are engulfed in a cloud of soporific spores!
You fall asleep.
The scorpion barely misses you.
The ogre hits you with a +0 giant club!!!
Ouch! That really hurt!
You die...

...#####!...
#........# #........#
. +........#
..#........#
.##......).#
.#.....##'############
.#.....#.........f...#
.#.....#........@O...#
.......#.........s...#
#......##..###..##.###
........#..# ##'##'##
.#......#... #......#
.#......#... #......#
.##.....#....#......#
..#.....#... #....###
..##....#...##....#


You could see an ogre, a sleepcap and a scorpion.

Vanquished Creatures
  An adder (D:2)
  A worm (D:1)
  5 endoplasms
  4 giant cockroaches (D:1)
  5 kobolds
  2 quokkas (D:1)
  4 ball pythons
  2 bats
  4 frilled lizards
  6 goblins (D:1)
  A rat (D:1)
35 creatures vanquished.

Vanquished Creatures (others)
  11 plants (D:1)
11 creatures vanquished.

Grand Total: 46 creatures vanquished

Notes
Turn   | Place    | Note
-------+----------+-------------------------------------------
     0 | D:1      | gohu the Hill Orc Fighter began the quest for the Orb.
     0 | D:1      | Reached XP level 1. HP: 19/19 MP: 1/1
   216 | D:1      | Reached skill level 4 in Fighting
   216 | D:1      | Reached XP level 2. HP: 26/27 MP: 2/2
   294 | D:1      | Reached XP level 3. HP: 31/34 MP: 3/3
   951 | D:1      | Found a faded altar of an unknown god.
  1038 | D:2      | You fall into a shaft and drop 2 floors!
  1042 | D:4      | Found a staircase to the Ecumenical Temple.
  1053 | Temple   | Entered the Ecumenical Temple
  1061 | Temple   | Became a worshipper of Warmaster Okawaru
  1132 | D:4      | Noticed an ogre
  1134 | D:4      | Noticed a scorpion
  1161 | D:4      | Annihilated by an ogre

Illustrated notes

Levels and vault maps discovered:
D:1:      sevenhm_arrival_forest_fort_large_2, layout_basic,
          basic_ecumenical_altar, serial_bayou_lake_a
D:2:      minmay_razor_zed, layout_basic, minmay_pentomino_s4, uniq_sigmund
D:4:      layout_gridville, kennysheep_ying_yang, minmay_temple_entry_slanted,
          serial_shops, shop
Temple:   eino_temple_lava

Skill      XL: |  1  2 |
---------------+-------+-----
Fighting       | 4 |  4.5
Axes           | 3 |  3.9
Armour         | |  3.6
Shields        | |  3.2

Action                     || total
---------------------------++-------
  Melee: War axe           ||   111
    Use: Potion            ||     1
 Armour: Scale mail        ||    67
  Dodge: Dodged            ||    79
  Block: Buckler           ||    28

Table legend: (Time is in decaauts)
 A = Elapsed time spent in this place.
 B = Non-inter-level travel time spent in this place.
 C = Inter-level travel time spent in this place.
 D = Time resting spent in this place.
 E = Time spent auto-exploring this place.
 F = Levels seen in this place.
 G = Mean time per level.
                   A        B        C        D        E       F      G
               +--------+--------+--------+--------+--------+-----+--------+
         Total |   1250 |   1172 |     78 |      0 |    786 |   4 |  312.5 |
       Dungeon |   1233 |   1155 |     78 |      0 |    786 |   3 |  411.0 |
        Temple |     16 |     16 |      0 |      0 |      0 |   1 |   16.0 |
               +--------+--------+--------+--------+--------+-----+--------+

Top non-repeatable levels by time:
     D:1: 1053 daAuts
     D:4: 109 daAuts
     D:2: 71 daAuts
  Temple: 16 daAuts
